 Dungeon Crawl Stone Soup version 0.21.1-1-g345015fe64 (webtiles) character file.

8260 DarkMoon the Geomancer (level 11, -4/98 HPs)
             Began as a Troll Earth Elementalist on Apr 28, 2018.
             Was a Priest of Kikubaaqudgha.
             Slain by a killer bee (8 damage)
             ... on level 9 of the Dungeon.
             The game lasted 01:04:05 (12639 turns).

DarkMoon the Geomancer (Troll Earth Elementalist)  Turns: 12639, Time: 01:04:06

Health: -4/98      AC:  8    Str: 21    XL:     11   Next: 7%
Magic:  5/18       EV: 11    Int: 14    God:    Kikubaaqudgha [***...]
Gold:   536        SH:  0    Dex: 10    Spells: 2/21 levels left

rFire    . . .     SeeInvis .     - Unarmed
rCold    . . .     Gourm    +   (no shield)
rNeg     . . .     Faith    .   R - +2 robe {MR+}
rPois    +         Spirit   .   (helmet restricted)
rElec    .         Reflect  .   J - +0 cloak {rPois}
rCorr    .         Harm     .   (gloves unavailable)
MR       +....                  (boots unavailable)
Stlth    +.........             (no amulet)
HPRegen  0.66/turn              K - +3 ring of strength
MPRegen  0.16/turn              (no ring)

@: lethally poisoned (-4 -> -8)
A: large, unfitting armour, claws 3, fast metabolism 3, gourmand, regeneration
1, shaggy fur 1, tough skin 2
a: Receive Corpses, Renounce Religion


You were on level 9 of the Dungeon.
You worshipped Kikubaaqudgha.
Kikubaaqudgha was most pleased with you.
You were very hungry.

You visited 1 branch of the dungeon, and saw 9 of its levels.
You also visited: Ossuary.

You collected 536 gold pieces.

Inventory:

Hand Weapons
 l - a +0 hunting sling
Missiles
 b - 193 stones (quivered)
 g - 105 poisoned needles
 k - 203 arrows
 n - a throwing net
 v - 3 large rocks
 w - 82 sling bullets
 B - 8 tomahawks
 D - 3 tomahawks of returning
Armour
 o - a scarf of cloud immunity
 C - a +0 shield
 E - a +0 robe of resistance
 J - a +0 cloak of poison resistance (worn)
 R - a +2 robe of magic resistance (worn)
Jewellery
 c - an uncursed ring of stealth {unknown}
 K - a +3 ring of strength (left claw)
 O - an uncursed amulet of the gourmand {unknown}
Wands
 G - a wand of paralysis (24)
 H - a wand of flame (41)
 N - a wand of scattershot (7)
Scrolls
 f - 3 scrolls of amnesia
 i - 3 scrolls of remove curse
 m - 4 scrolls of teleportation {unknown}
 r - 3 scrolls of enchant armour {unknown}
 s - a scroll of random uselessness {unknown}
 t - a scroll of enchant weapon {unknown}
 u - a scroll of blinking {unknown}
 x - 2 scrolls of immolation {unknown}
 y - a scroll of fear {unknown}
 F - a scroll of magic mapping {unknown}
Potions
 a - 8 potions of curing
 h - 2 potions of heal wounds
 p - a potion of might
 q - a potion of cancellation
 z - 2 potions of invisibility
 A - 3 potions of magic
 I - a potion of mutation {unknown}
 L - a potion of ambrosia {unknown}
 M - a potion of brilliance {unknown}
Books
 e - a book of Geomancy

   Spells                             Type                      Level
   a - Sandblast                      Earth                        1
   b - Passwall                       Transmutation/Earth          2
   c - Stone Arrow                    Conjuration/Earth            3
   d - Petrify                        Transmutation/Earth          4
   e - Lee's Rapid Deconstruction     Earth                        5
 j - Kikubaaqudgha's Tome of Black Rituals
   (Kikubaaqudgha gifted it to you in an ossuary)

   Spells                             Type                      Level
   a - Animate Skeleton               Necromancy                   1
   b - Pain                           Necromancy                   1
   c - Sublimation of Blood           Necromancy                   2
   d - Regeneration                   Charms/Necromancy            3
 P - Kikubaaqudgha's Tome of Sinister Secrets
   (Kikubaaqudgha gifted it to you on level 9 of the Dungeon)

   Spells                             Type                      Level
   a - Animate Dead                   Necromancy                   4
   b - Excruciating Wounds            Charms/Necromancy            5
   c - Borgnjor's Vile Clutch         Necromancy/Earth             5
   d - Agony                          Necromancy                   5
   e - Dispel Undead                  Necromancy                   5
Comestibles
 d - 16 rations


   Skills:
 + Level 3.8 Fighting
 + Level 3.8 Dodging
 - Level 1.0 Stealth
 + Level 5.7 Unarmed Combat
 + Level 5.5 Spellcasting
 - Level 1.0 Conjurations
 - Level 2.0 Charms
 + Level 2.9 Necromancy
 - Level 2.1 Transmutations
 - Level 10.0 Earth Magic


You had 2 spell levels left.
You knew the following spells:

 Your Spells              Type           Power        Failure   Level  Hunger
a - Sandblast             Erth           ####..       1%          1    None
b - Stone Arrow           Conj/Erth      ###...       4%          3    ###....
d - Lee's Rapid Deconstr  Erth           ####......   7%          5    ######.
p - Petrify               Tmut/Erth      ###.....     13%         4    ####...
r - Regeneration          Chrm/Necr      ##........   17%         3    ###....
s - Animate Skeleton      Necr           N/A          4%          1    None
w - Passwall              Tmut/Erth      ###.......   1%          2    ##.....


Dungeon Overview and Level Annotations

Branches:
Dungeon (9/15)             Temple (0/1) D:7
   Lair: D:8-11         Orc: D:9-12

Altars:
Elyvilon
Fedhas
Gozag
Kikubaaqudgha
Nemelex Xobeh
Qazlal
Trog
Uskayaw
Yredelemnul
The Shining One

Annotations:
D:9 exclusions: 2 doors and killer bee


Innate Abilities, Weirdness & Mutations

You are too large for most types of armour.
You have claws for hands.
Your metabolism is lightning-fast.
You like to eat raw meat.
Your natural rate of healing is unusually fast.
You are covered in fur. (AC +1)
You have very tough skin. (AC +2)


Message History

* * * LOW HITPOINT WARNING * * *
The hippogriff pecks you.
* * * LOW HITPOINT WARNING * * *
The hippogriff claws you.
* * * LOW HITPOINT WARNING * * *
Casting: Sandblast
Confirm with . or Enter, or press ? or * to list all spells.
Aiming: Sandblast
Press: ? - help, Shift-Dir - straight line, f/p - killer bee
Aim: a killer bee (almost dead, berserk, fast, unusually strong)
The blast of sand hits the killer bee.
The killer bee is almost dead.
b - 193 stones You feel sick.
The killer bee stings you.
* * * LOW HITPOINT WARNING * * *
The killer bee stings you!
* * * LOW HITPOINT WARNING * * *
The killer bee stings you!
You die...
Kikubaaqudgha rasps: "You have failed me!
Welcome... death!"

#............# ###'#####
###.####...### #.......# #
#.####.##### #.......# #
#..........### #?......# #
##...........# #.......#
####.........#.###.......#
##...........#..##.......#
#..#.........##.##H......#
'.##.........##.@#..(....#
##########.#####yH.......'.
# ..# ###)......## # ###
##'###### #... #..........?
####' #........... .#
#........... # #...........


You could see a hippogriff and a killer bee (berserk).

Vanquished Creatures
  Pikel (D:3)
  The ghost of Delanovic the Cruncher, a novice MiGl of Hepliaklqana (D:6)
  Joseph (D:9)
  A queen bee (D:9)
  A troll (D:9)
  Eustachio (D:5)
  Grum (D:9)
  The ghost of drd the Vexing, an amateur GnAM (D:3)
  The ghost of CInkIbrahim the Poker, an amateur OpGl (D:4)
  2 black bears
  An ice beast (D:6)
  2 sky beasts
  4 slaves
  7 orc warriors
  6 ogres
  2 phantoms
  A necrophage (D:7)
  2 wolves (D:9)
  6 centaurs
  A crocodile (D:8)
  2 elf zombies
  6 bullfrogs
  4 elf skeletons (D:5)
  4 scorpions
  12 killer bees (D:9)
  11 wights
  4 crimson imps
  A centaur zombie (D:8)
  3 human zombies
  4 hounds
  3 orc priests
  2 jellies
  3 centaur skeletons
  Crazy Yiuf (D:7)
  A bullfrog skeleton (D:6)
  3 human skeletons (D:5)
  An iguana (D:7)
  9 orc wizards
  9 worker ants
  A big kobold zombie (Ossuary)
  2 hound zombies (Ossuary)
  2 hound skeletons
  4 mummies (Ossuary)
  A howler monkey zombie (D:9)
  A gnoll (D:1)
  11 adders
  A shadow imp (D:7)
  3 dart slugs
  3 leopard geckos
  33 orcs
  A ball python (D:1)
  5 bats
  2 giant cockroaches
  A gnoll zombie (Ossuary)
  6 goblins
  8 hobgoblins
  11 jackals
  3 quokkas
  7 frilled lizards
  2 goblin zombies (Ossuary)
  7 kobolds
  2 orc skeletons (D:5)
  2 orc zombies (Ossuary)
  5 rats
  A rat zombie (Ossuary)
  A fungus (D:7)
252 creatures vanquished.

Vanquished Creatures (others)
  2 orc wizards
2 creatures vanquished.

Grand Total: 254 creatures vanquished

Notes
Turn   | Place    | Note
-------+----------+-------------------------------------------
     0 | D:1      | DarkMoon the Troll Earth Elementalist began the quest for the Orb.
     0 | D:1      | Reached XP level 1. HP: 16/16 MP: 1/1
   102 | D:1      | Reached XP level 2. HP: 26/26 MP: 2/2
   127 | D:1      | Learned a level 2 spell: Passwall
   280 | D:1      | Reached skill level 1 in Unarmed Combat
   426 | D:1      | Reached skill level 3 in Earth Magic
   625 | D:1      | Reached XP level 3. HP: 29/32 MP: 3/3
   667 | D:2      | Reached skill level 1 in Transmutations
   832 | D:2      | Reached skill level 1 in Fighting
   956 | D:2      | Found a white marble altar of Elyvilon.
  1595 | D:3      | Reached XP level 4. HP: 27/41 MP: 0/4
  1668 | D:3      | Reached XP level 5. HP: 32/49 MP: 0/5
  1909 | D:3      | Reached skill level 4 in Earth Magic
  1926 | D:3      | Noticed drd's ghost (amateur GnAM)
  2547 | D:4      | Found a white marble altar of Elyvilon.
  2592 | D:4      | Noticed Pikel
  2592 | D:4      | Noticed a slave
  2592 | D:4      | Noticed a slave
  2592 | D:4      | Noticed a slave
  2593 | D:4      | Noticed a slave
  2838 | D:4      | Noticed CInkIbrahim's ghost (amateur OpGl)
  2838 | D:4      | Reached XP level 6. HP: 57/57 MP: 7/7
  2930 | D:3      | Killed a slave
  3096 | D:3      | Killed a slave
  3291 | D:3      | Killed a slave
  3327 | D:4      | Killed a slave
  3844 | D:5      | Entered Level 5 of the Dungeon
  3878 | D:5      | Found a sparkling altar of Nemelex Xobeh.
  3916 | D:5      | Found a blossoming altar of Fedhas.
  3918 | D:5      | Found an ancient bone altar of Kikubaaqudgha.
  3950 | D:5      | Became a worshipper of Kikubaaqudgha
  3999 | D:5      | Reached skill level 5 in Earth Magic
  4004 | D:5      | Learned a level 3 spell: Stone Arrow
  4040 | D:5      | Reached XP level 7. HP: 64/65 MP: 1/9
  4096 | D:5      | Reached skill level 6 in Earth Magic
  4216 | D:5      | Reached skill level 7 in Earth Magic
  4264 | D:5      | Found a sand-covered staircase.
  4277 | D:5      | Reached XP level 8. HP: 42/72 MP: 10/10
  4376 | Ossuary  | Entered an ossuary
  4406 | Ossuary  | Reached * piety under Kikubaaqudgha
  4406 | Ossuary  | Identified Kikubaaqudgha's Tome of Black Rituals (Kikubaaqudgha gifted it to you in an ossuary)
  4406 | Ossuary  | Received a gift from Kikubaaqudgha
  5148 | D:5      | Found an opulent altar of Gozag.
  5382 | D:3      | Learned a level 1 spell: Animate Skeleton
  5386 | D:3      | Learned a level 3 spell: Regeneration
  5715 | D:4      | Killed CInkIbrahim's ghost
  6034 | D:3      | Killed Pikel
  6034 | D:3      | Reached skill level 5 in Spellcasting
  6034 | D:3      | Reached skill level 8 in Earth Magic
  6034 | D:3      | Reached XP level 9. HP: 30/79 MP: 15/15
  6041 | D:3      | Learned a level 5 spell: Lee's Rapid Deconstruction
  6285 | D:3      | Killed drd's ghost
  6466 | D:5      | Noticed Eustachio
  6800 | D:5      | Killed Eustachio
  7132 | D:5      | Reached skill level 1 in Necromancy
  7197 | D:6      | Reached skill level 1 in Conjurations
  7223 | D:6      | Reached skill level 1 in Charms
  7530 | D:6      | Found a hide-covered altar of Uskayaw.
  7696 | D:6      | Noticed Delanovic's ghost (novice MiGl)
  8003 | D:6      | Found a bloodstained altar of Trog.
  8204 | D:6      | Reached ** piety under Kikubaaqudgha
  8513 | D:6      | Reached skill level 5 in Unarmed Combat
  8933 | D:7      | Reached XP level 10. HP: 91/91 MP: 9/16
  8995 | D:7      | Found a staircase to the Ecumenical Temple.
  9090 | D:7      | Reached skill level 9 in Earth Magic
  9770 | D:7      | Learned a level 4 spell: Petrify
  9784 | D:7      | Found a basalt altar of Yredelemnul.
 10178 | D:7      | Found a runed door.
 10182 | D:7      | Noticed Crazy Yiuf
 10189 | D:7      | Killed Crazy Yiuf
 10253 | D:8      | Found a glowing golden altar of the Shining One.
 11278 | D:6      | Killed Delanovic's ghost
 11278 | D:6      | Reached skill level 10 in Earth Magic
 11333 | D:9      | Noticed a two-headed ogre
 11387 | D:9      | Noticed Joseph
 11402 | D:9      | Killed Joseph
 11550 | D:9      | Reached *** piety under Kikubaaqudgha
 11550 | D:9      | Identified Kikubaaqudgha's Tome of Sinister Secrets (Kikubaaqudgha gifted it to you on level 9 of the Dungeon)
 11550 | D:9      | Received a gift from Kikubaaqudgha
 12035 | D:9      | Found a stormy altar of Qazlal.
 12352 | D:9      | Reached XP level 11. HP: 70/98 MP: 18/18
 12376 | D:9      | Noticed Grum
 12402 | D:9      | Killed Grum
 12639 | D:9      | HP: 4/98 [killer bee (11)]
 12639 | D:9      | Slain by a killer bee

Skill      XL: |  1  2  3  4  5  6  7  8  9 10 |
---------------+-------------------------------+-----
Unarmed Combat | 1 2 3 5 |  5.7
Earth Magic    | 3 4 5 7 8 10 | 10.0
Dodging        | 2 3 |  3.8
Transmutations | 1 2 |  2.1
Fighting       | 1 2 3 |  3.8
Spellcasting   | 2 5 |  5.5
Necromancy     | 1 2 |  2.9
Conjurations   | 1 |  1.0
Charms         | 1 2 |  2.0
Stealth        | |  1.0

Action                   |  1- 3 |  4- 6 |  7- 9 | 10-12 || total
-------------------------+-------+-------+-------+-------++-------
Melee: Unarmed           |    85 |   212 |   436 |   273 ||  1006
       Punch             |       |     2 |     5 |     4 ||    11
 Fire: Hunting sling     |    47 |    14 |       |       ||    61
Throw: Stone             |       |     4 |     1 |       ||     5
 Cast: Sandblast         |     3 |    17 |    47 |    37 ||   104
       Stone Arrow       |       |       |    39 |    90 ||   129
       Petrify           |       |       |       |     1 ||     1
Invok: Receive Corpses   |       |       |       |     1 ||     1
  Use: Scroll            |     3 |       |     5 |     4 ||    12
       Potion            |       |       |     3 |     1 ||     4
 Stab: Sleeping          |     2 |     2 |     4 |     2 ||    10
       Petrified         |       |       |       |     3 ||     3
  Eat: Chunk             |    19 |    22 |    44 |    36 ||   121
       Ration            |       |       |       |     1 ||     1
Armor: Robe              |    38 |    56 |    95 |    96 ||   285
Dodge: Dodged            |    56 |   106 |   207 |   157 ||   526
